 Dungeon Crawl Stone Soup version 0.28-a0-1002-gf00fe891ef (webtiles) character file.

Game seed: 18124813055174495550

226 fragbeetle the Ruffian (level 5, -6/41 HPs)
             Began as a Draconian Transmuter on Dec 7, 2021.
             Splashed by a jelly's acid (9 damage)
             ... on level 4 of the Dungeon.
             The game lasted 00:08:55 (3065 turns).

fragbeetle the Ruffian (Draconian Transmuter)       Turns: 3065, Time: 00:08:56

Health: -6/41      AC: -3    Str: 15    XL:     5   Next: 69%
Magic:  8/9        EV: 12    Int: 13    God:
Gold:   213        SH:  0    Dex: 11    Spells: 4/9 levels left

rFire   . . .      SeeInvis .   k - +2 spear (vamp)
rCold   . . .      Faith    .   (no shield)
rNeg    . . .      Spirit   .   (armour unavailable)
rPois   .          Reflect  .   (helmet currently unavailable)
rElec   .          Harm     .   (no cloak)
rCorr   .          Rampage  .   (no gloves)
Will    .....                   (boots currently unavailable)
Stlth   +.........              (no amulet)
HPRegen 0.13/turn               (no ring)
MPRegen 0.11/turn               (no ring)

@: appendages, corroded
A: horns 2, talons 2, AC +5, unfitting armour, cold-blooded
a: End Transformation


You were on level 4 of the Dungeon.
You had temporarily grown beastly horns and talons.
You visited 1 branch of the dungeon, and saw 4 of its levels.

You collected 213 gold pieces.

Inventory:

Hand Weapons
 k - a +2 vampiric spear (weapon)
 n - a +1 mace of protection
Scrolls
 a - 2 scrolls of identify
 d - a scroll of enchant weapon {unknown}
 e - a scroll of enchant armour {unknown}
 g - a scroll of amnesia {unknown}
 h - a scroll of summoning {unknown}
 i - 2 scrolls of blinking {unknown}
 j - a scroll of teleportation {unknown}
 m - a scroll of immolation {unknown}
 o - 2 scrolls of fog {unknown}
 r - a scroll of acquirement {unknown}
 s - 3 scrolls of fear {unknown}
Potions
 b - 2 potions of might
 c - 3 potions of heal wounds
 f - a potion of berserk rage
 l - 2 potions of attraction
 p - a potion of magic {unknown}
 q - a potion of invisibility {unknown}
 t - a potion of curing {unknown}


   Skills:
 + Level 2.3 Fighting
 + Level 1.0 Polearms
 + Level 2.7 Dodging
 + Level 0.4 Stealth
 + Level 3.7 Unarmed Combat
 + Level 2.7 Spellcasting
 * Level 3.6 Transmutations


You had 4 spell levels left.
You knew the following spells:

 Your Spells              Type           Power      Damage    Failure   Level
a - Beastly Appendage     Tmut           22%        N/A       5%          1
b - Foxfire               Conj/Fire      4%         2x1d4     24%         1
c - Spider Form           Tmut/Pois      6%         N/A       32%         3

Your spell library contained the following spells:

 Spells                   Type           Power      Damage    Failure   Level
 Wereblood                Tmut           11%        N/A       8%          2
 Static Discharge         Conj/Air       1%         N/A       34%         2
 Conjure Flame            Conj/Fire      1%         6-21      56%         3
 Inner Flame              Hex/Fire       1%         N/A       56%         3
 Ice Form                 Ice/Tmut       6%         N/A       73%         4
 Flame Wave               Conj/Fire      1%         2d4       93%         4
 Lightning Bolt           Conj/Air       0%         1d11      100%        5
 Maxwell's Capacitive Co  Air            0%         ∞         100%        8


Dungeon Overview and Level Annotations

Branches:
Dungeon (4/15)
 Temple: D:4-7

Altars:
Sif Muna

Annotations:
D:2 1 runed translucent door, Crazy Yiuf


Innate Abilities, Weirdness & Mutations

You have temporarily grown beastly horns and talons.
Your plain brown scales are hard. (AC +5)
You cannot fit into any form of body armour.
You are cold-blooded and may be slowed by cold attacks.


Message History

The iguana bites you!
You hit the iguana but do no damage. Your kick misses the iguana.
The iguana is heavily wounded.
The iguana bites you but does no damage.
You hit the iguana but do no damage. Your headbutt misses the iguana.
The iguana is heavily wounded.
The iguana misses you.
You puncture the iguana!
You feel better.
You kill the iguana!
You start resting.
Your transformation is almost over.
You start resting.
Your horns disappear.
Your talons disappear.
You start resting.
You hear a distant slurping noise.
You hear a slurping noise.
The jelly eats the door!
A jelly comes into view.
Casting: Beastly Appendage (safe; 5% risk of failure)
Confirm with . or Enter, or press ? or * to list all spells.
You grow a pair of large bovine horns.
Your feet morph into talons.
The jelly quivers.
You hit the jelly.
You feel better. The acid corrodes you!
Your hands burn!
You headbutt the jelly, but do no damage.
The jelly is lightly wounded.
The jelly jiggles.
The jelly barely misses you.
You hit the jelly but do no damage. The acid corrodes you!
Your hands burn!
The jelly is lightly wounded.
The jelly hits you.
You are splashed with acid!
You hit the jelly.
You feel better.
Your hands burn!
You headbutt the jelly.
The jelly is moderately wounded.
The jelly hits you.
* * * LOW HITPOINT WARNING * * *
You are splashed with acid!
* * * LOW HITPOINT WARNING * * *
The jelly hits you.
* * * LOW HITPOINT WARNING * * *
You are splashed with acid!
You die...

### # ..# #. ###
#.# #. #.. #.#
#..#.# #.# #..#.#
#.# #..... #@#
#..... #.### #J#
#.#...
......#.########
#.#### ......
...............#
#..... g....#
#######.######.##
#...## .....# #.#
#..# #...# .?...#
#.# ##.###...##
.....+ ...
#).##..... .....#
... ##.##.(..#


You could see a jelly.

Vanquished Creatures
  An orc priest (D:4)
  A hound (D:4)
  An orc wizard (D:4)
  An iguana (D:4)
  3 adders
  2 dart slugs (D:2)
  3 worms
  4 orcs
  4 bats
  7 endoplasms
  4 giant cockroaches
  5 goblins
  9 hobgoblins
  6 jackals (D:3)
  3 quokkas
  2 ball pythons
  A ball python skeleton (D:2)
  7 kobolds
  4 rats
68 creatures vanquished.

Vanquished Creatures (others)
  A foxfire (D:3)
1 creature vanquished.

Grand Total: 69 creatures vanquished

Notes
Turn   | Place    | Note
-------+----------+-------------------------------------------
     0 | D:1      | fragbeetle the Draconian Transmuter began the quest for the
                  | Orb.
     0 | D:1      | Reached XP level 1. HP: 16/16 MP: 3/3
   265 | D:1      | Reached XP level 2. HP: 16/23 MP: 5/5
   609 | D:1      | Found a faded altar of an unknown god.
  1272 | D:2      | Reached XP level 3. HP: 28/28 MP: 4/6
  1304 | D:2      | Learned a level 1 spell: Foxfire
  1730 | D:2      | Found a runed translucent door.
  1731 | D:2      | Noticed Crazy Yiuf
  2047 | D:2      | Learned a level 3 spell: Spider Form
  2108 | D:3      | Reached XP level 4. HP: 35/35 MP: 7/7
  2380 | D:3      | Found a shimmering blue altar of Sif Muna.
  2923 | D:4      | Reached XP level 5. HP: 40/40 MP: 7/9
  2929 | D:4      | Reached skill level 1 in Polearms
  3065 | D:4      | Splashed by a jelly's acid

Illustrated notes

Levels and vault maps discovered:
D:1:      wander_arrival_peaceful_grave, layout_basic,
          hellmonk_ecumenical_altar_run_dry
D:2:      layout_basic, kennysheep_cross_room, minmay_misc_feat_doors,
          chequers_serial_rivers_small_b, minmay_hexomino_c4,
          uniq_crazy_yiuf_cottage
D:3:      layout_loops_ring, mainiacjoe_overflow_24_doors,
          minmay_fractal_squares_gapless_5
D:4:      layout_basic, mainiacjoe_overflow_alcove_4, minivault_1,
          kennysheep_generic_room_6

Skill      XL: |  1  2  3  4  5 |
---------------+----------------+-----
Dodging        | 2 |  2.7
Transmutations | 3 |  3.6
Polearms       | 1 |  1.0
Fighting       | 2 |  2.3
Stealth        | |  0.4
Unarmed Combat | |  3.7
Spellcasting   | |  2.7

Action                   |  1- 3 |  4- 6 || total
-------------------------+-------+-------++-------
Melee: Unarmed           |    73 |       ||    73
       Kick              |    13 |    12 ||    25
       Headbutt          |    10 |     6 ||    16
       Tailslap          |     7 |     5 ||    12
       Spear             |    37 |    77 ||   114
       Punch             |     1 |     1 ||     2
 Cast: Beastly Appendage |    22 |    15 ||    37
       Foxfire           |       |     1 ||     1
  Use: Scroll            |     2 |     2 ||     4
 Stab: Sleeping          |     1 |       ||     1
Armor: Skin              |    21 |    20 ||    41
Dodge: Dodged            |    73 |    50 ||   123

Table legend: (Time is in decaauts)
 A = Elapsed time spent in this place.
 B = Non-inter-level travel time spent in this place.
 C = Inter-level travel time spent in this place.
 D = Time resting spent in this place.
 E = Time spent auto-exploring this place.
 F = Levels seen in this place.
 G = Mean time per level.
                   A        B        C        D        E       F      G
               +--------+--------+--------+--------+--------+-----+--------+
         Total |   3076 |   3044 |     32 |    496 |   1601 |   4 |  769.0 |
       Dungeon |   3076 |   3044 |     32 |    496 |   1601 |   4 |  769.0 |
               +--------+--------+--------+--------+--------+-----+--------+

Top non-repeatable levels by time:
     D:2: 1180 daAuts
     D:1: 902 daAuts
     D:3: 840 daAuts
     D:4: 153 daAuts
